Map: Orbital Shipyard

Players

LiquidMaNa (MaNa) - Winner!

  • Race: Protoss Protoss
  • League: Grandmaster

Harstem

  • Race: Protoss Protoss
  • League: Grandmaster

Event: 2016 WCS Winter Challenger Europe

VOD

Have the link to the VOD?

Description

Time

  • Played on: Feb. 13, 2016, 10:22 a.m.
  • Length: 15:38

All games in this series

Show
View Real Time Build Order
Export as new Build Order

LiquidMaNa Protoss - Winner!

Build Orders:  

Get SALT Encoding   

  12  0:00  Probe (Chrono Boost)  
  13  0:11  Probe (Chrono Boost)  
  14  0:17  Pylon  
  14  0:22  Probe (Chrono Boost)  
  15  0:35  Probe (Chrono Boost)  
  16  0:36  Gateway  
  16  0:43  Assimilator  
  16  0:45  Probe (Chrono Boost)  
  17  0:56  Probe (Chrono Boost)  
  18  1:01  Assimilator  
  18  1:07  Probe (Chrono Boost)  
  19  1:12  Gateway  
  19  1:17  Probe (Chrono Boost)  
  20  1:25  Cybernetics Core  
  20  1:28  Probe (Chrono Boost)  
  21  1:35  Pylon  
  21  1:38  Probe (Chrono Boost)  
  22  1:49  Pylon  
  22  1:50  Probe (Chrono Boost)  
  23  2:02  Stalker x2  
  23  2:03  Warp Gate (Chrono Boost)  
  27  2:19  Mothership Core (Chrono Boost)  
  29  2:26  Pylon  
  31  2:38  Stalker (Chrono Boost)  
  31  2:44  Stalker (Chrono Boost)  
  31  2:48  Pylon  
  31  2:50  Probe  
  34  3:10  Stalker (Chrono Boost)  
  38  3:12  Stalker (Chrono Boost)  
  38  3:15  Pylon  
  37  3:24  Pylon  
  35  3:37  Stalker (Chrono Boost)  
  37  3:48  Stalker (Chrono Boost)  
  39  4:08  Gateway  
  39  4:11  Adept  
  37  4:31  Probe  
  32  4:34  Gateway  
  32  4:44  Stalker  
  32  4:45  Stalker  
  34  5:04  Zealot  
  34  5:09  Adept x2  
  32  5:15  Probe  
  32  5:17  Stargate  
  29  5:25  Stalker  
  29  5:27  Probe  
  31  5:31  Adept x2  
  35  5:39  Probe  
  34  5:55  Nexus  
  32  6:04  Oracle (Chrono Boost)  
  35  6:14  Probe  
  32  6:26  Probe (Chrono Boost)  
  33  6:37  Probe (Chrono Boost), Twilight Council  
  34  6:42  Phoenix  
  36  6:48  Probe (Chrono Boost), Robotics Facility  
  36  6:52  Pylon  
  37  6:58  Probe (Chrono Boost)  
  38  7:07  Probe (Chrono Boost)  
  39  7:09  Probe (Chrono Boost)  
  40  7:15  Blink (Chrono Boost)  
  40  7:18  Probe (Chrono Boost)  
  40  7:20  Probe (Chrono Boost)  
  42  7:26  Phoenix  
  42  7:27  Probe (Chrono Boost)  
  42  7:34  Mothership Core  
  44  7:39  Probe, Pylon  
  44  7:42  Assimilator  
  45  7:49  Immortal (Chrono Boost)  
  50  7:51  Probe  
  50  7:55  Probe  
  51  7:59  Assimilator  
  51  8:00  Pylon  
  51  8:03  Probe  
  52  8:05  Sentry  
  52  8:07  Probe  
  55  8:15  Probe, Sentry  
  55  8:19  Probe  
  59  8:27  Probe, Immortal (Chrono Boost)  
  63  8:31  Probe  
  65  8:35  Pylon  
  66  8:43  Probe  
  66  8:47  Nexus  
  66  8:49  Pylon  
  66  8:55  Pylon  
  66  9:00  Observer (Chrono Boost)  
  66  9:02  Stalker x2  
  70  9:12  Stalker x2  
  76  9:17  Probe x2  
  76  9:24  Immortal (Chrono Boost)  
  80  9:29  Forge  
  80  9:31  Pylon  
  80  9:36  Stalker  
  77  9:53  Stalker x3  
  77  9:58  Warp Prism (Chrono Boost)  
  80  10:04  Probe  
  80  10:05  Probe  
  84  10:07  Probe  
  84  10:10  Protoss Ground Weapons Level 1 (Chrono Boost)  
  85  10:14  Probe  
  85  10:18  Probe  
  87  10:21  Probe  
  87  10:25  Probe  
  89  10:30  Probe  
  89  10:33  Probe  
  91  10:35  Probe  
  91  10:36  Assimilator  
  91  10:38  Assimilator  
  91  10:41  Stalker  
  91  10:42  Probe (Chrono Boost), Stalker  
  97  10:46  Probe (Chrono Boost)  
  97  10:47  Probe (Chrono Boost)  
  99  10:53  Templar Archives  
  99  10:57  Probe x2 (Chrono Boost)  
  101  10:58  Probe (Chrono Boost)  
  101  11:00  Stalker x2  
  103  11:09  Probe x2 (Chrono Boost)  
  104  11:30  Psionic Storm  
  104  11:32  High Templar x4  
  112  11:33  Probe x2 (Chrono Boost)  
  112  11:38  Probe (Chrono Boost)  
  115  11:43  Probe x2 (Chrono Boost)  
  117  11:52  Pylon  
  117  11:55  Gateway  
  117  11:56  Gateway  
  117  11:57  Gateway  
  117  11:59  Nexus  
  117  12:01  Pylon  
  117  12:07  Probe  
  117  12:10  Probe  
  117  12:11  Pylon  
  117  12:12  Photon Cannon x2  
  117  12:15  Protoss Ground Weapons Level 2 (Chrono Boost)  
  118  12:17  Photon Cannon  
  118  12:21  High Templar x3  
  118  12:22  High Templar  
  126  12:29  Assimilator  
  126  12:33  Assimilator  
  122  12:45  Charge  
  122  12:59  High Templar x2  
  126  13:07  Zealot  
  126  13:08  Zealot x4  
  126  13:10  Archon  
  136  13:26  Gateway  
  136  13:27  Gateway  
  136  13:29  Photon Cannon, Gateway  
  136  13:31  High Templar x4  
  136  13:32  Zealot x3  
  150  13:35  Archon x2  
  150  13:51  Pylon  
  150  13:52  Pylon  
  150  13:55  Pylon  
  146  13:56  Pylon  
  146  14:00  Pylon  
  140  14:11  Stalker x4  
  106  14:32  Stalker x3  
  102  14:39  Archon x2  
  102  14:40  Stalker x4  
  102  14:55  Stalker x3  
  108  15:06  Observer, Stalker x2  
  108  15:07  Stalker x5  
  118  15:28  Stalker x3  
  118  15:30  Stalker x2  
  118  15:31  Stalker x4  
Show
View Real Time Build Order
Export as new Build Order

Harstem Protoss 

Build Orders: Nexus First 

Get SALT Encoding   

  12  0:01  Probe (Chrono Boost)  
  13  0:11  Probe (Chrono Boost)  
  14  0:18  Pylon  
  14  0:22  Probe (Chrono Boost)  
  15  0:36  Probe (Chrono Boost)  
  16  0:46  Probe (Chrono Boost)  
  17  1:00  Nexus  
  17  1:14  Gateway  
  17  1:17  Probe (Chrono Boost)  
  18  1:21  Assimilator  
  18  1:26  Assimilator  
  18  1:28  Probe (Chrono Boost)  
  19  1:35  Pylon  
  19  1:38  Probe (Chrono Boost)  
  20  1:52  Gateway  
  20  1:53  Probe (Chrono Boost)  
  21  2:09  Probe (Chrono Boost)  
  21  2:13  Cybernetics Core  
  21  2:14  Probe (Chrono Boost)  
  23  2:20  Probe (Chrono Boost)  
  24  2:24  Probe (Chrono Boost)  
  25  2:30  Probe (Chrono Boost)  
  26  2:37  Pylon  
  26  2:40  Probe (Chrono Boost)  
  27  2:49  Stalker (Chrono Boost), Mothership Core (Chrono Boost)  
  31  2:55  Warp Gate (Chrono Boost)  
  32  3:03  Stalker (Chrono Boost)  
  32  3:05  Pylon  
  32  3:11  Probe  
  33  3:16  Stalker (Chrono Boost)  
  35  3:31  Stalker (Chrono Boost)  
  37  3:45  Probe  
  38  3:57  Stalker (Chrono Boost)  
  37  4:03  Gateway  
  37  4:05  Probe  
  37  4:06  Gateway  
  36  4:23  Stalker (Chrono Boost)  
  34  4:33  Probe  
  34  4:34  Gateway  
  34  4:35  Probe  
  36  4:45  Probe  
  35  4:49  Cybernetics Core  
  35  4:57  Sentry  
  35  4:58  Sentry  
  36  5:08  Zealot  
  34  5:25  Probe  
  34  5:29  Stalker x3  
  34  5:35  Probe x2  
  38  5:46  Probe (Chrono Boost)  
  38  5:47  Probe (Chrono Boost)  
  38  5:48  Stargate  
  39  5:58  Probe (Chrono Boost)  
  39  5:59  Probe (Chrono Boost)  
  41  6:07  Stalker x2  
  41  6:09  Probe (Chrono Boost)  
  46  6:14  Probe (Chrono Boost)  
  44  6:19  Probe (Chrono Boost)  
  44  6:25  Probe (Chrono Boost)  
  46  6:29  Pylon  
  46  6:32  Pylon  
  46  6:47  Probe (Chrono Boost)  
  46  6:48  Probe (Chrono Boost), Sentry  
  53  6:57  Probe (Chrono Boost)  
  53  6:59  Probe (Chrono Boost)  
  55  7:07  Probe  
  55  7:09  Phoenix (Chrono Boost)  
  55  7:11  Probe  
  51  7:18  Probe (Chrono Boost)  
  48  7:23  Probe (Chrono Boost)  
  48  7:29  Probe (Chrono Boost)  
  47  7:32  Phoenix (Chrono Boost)  
  47  7:34  Probe (Chrono Boost)  
  51  7:40  Probe (Chrono Boost)  
  52  7:45  Probe (Chrono Boost)  
  52  7:51  Probe (Chrono Boost), Nexus  
  54  7:54  Sentry  
  54  7:55  Probe (Chrono Boost)  
  57  8:00  Probe (Chrono Boost), Phoenix (Chrono Boost)  
  57  8:05  Pylon  
  60  8:07  Probe  
  60  8:08  Assimilator  
  60  8:10  Probe  
  62  8:18  Assimilator  
  62  8:21  Probe  
  62  8:22  Pylon  
  62  8:23  Probe  
  62  8:25  Phoenix (Chrono Boost)  
  66  8:32  Probe (Chrono Boost)  
  67  8:39  Probe (Chrono Boost)  
  68  8:41  Robotics Facility  
  68  8:44  Probe (Chrono Boost)  
  69  8:50  Probe (Chrono Boost)  
  69  8:54  Pylon  
  69  8:55  Probe  
  74  9:02  Probe  
  76  9:03  Probe  
  76  9:05  Probe  
  78  9:14  Probe x2  
  78  9:15  Void Ray (Chrono Boost)  
  78  9:16  Probe  
  76  9:21  Stargate  
  81  9:26  Probe x2  
  81  9:29  Probe, Observer (Chrono Boost)  
  85  9:38  Probe  
  85  9:39  Probe  
  85  9:40  Probe  
  85  9:41  Pylon  
  88  9:46  Immortal (Chrono Boost)  
  88  9:50  Probe  
  91  9:54  Probe  
  91  9:59  Void Ray (Chrono Boost)  
  94  10:03  Assimilator  
  94  10:07  Forge, Assimilator  
  94  10:10  Void Ray (Chrono Boost)  
  98  10:16  Immortal  
  102  10:29  Probe  
  102  10:30  Probe  
  104  10:39  Pylon  
  104  10:40  Pylon  
  109  10:44  Photon Cannon, Void Ray (Chrono Boost)  
  109  10:45  Fleet Beacon  
  109  10:46  Photon Cannon  
  108  10:52  Photon Cannon  
  108  10:58  Void Ray (Chrono Boost), Immortal  
  116  11:17  Stalker  
  116  11:18  Stalker x2  
  122  11:33  Graviton Catapult  
  122  11:34  Pylon  
  122  11:37  Carrier (Chrono Boost)  
  122  11:39  Pylon  
  128  11:57  Stargate  
  128  12:02  Carrier (Chrono Boost)  
  128  12:03  Pylon  
  128  12:08  Nexus  
  128  12:10  Pylon  
  128  12:13  Protoss Air Weapons Level 1 (Chrono Boost)  
  128  12:19  Pylon  
  128  12:22  Photon Cannon  
  128  12:23  Observer  
  128  12:28  Probe  
  128  12:29  Photon Cannon  
  130  12:32  Photon Cannon  
  130  12:41  Probe  
  130  12:42  Probe  
  127  12:50  Carrier (Chrono Boost)  
  133  12:53  Carrier (Chrono Boost)  
  133  12:54  Photon Cannon x2  
  133  12:55  Pylon  
  139  13:02  Photon Cannon  
  139  13:04  Probe  
  139  13:05  Immortal  
  140  13:11  Pylon  
  150  13:20  Carrier (Chrono Boost)  
  150  13:25  Photon Cannon  
  150  13:27  Probe, Photon Cannon  
  151  14:00  Carrier (Chrono Boost)  
  151  14:05  Adept x4  
  161  14:11  Carrier (Chrono Boost)  
  161  14:13  Stargate  
  122  14:32  Adept x4  
  88  14:55  Probe  
  88  14:57  Adept x3  
  88  14:58  Adept  
  98  15:20  Adept x3  
  104  15:26  Stalker  
Tags
 
Add a new tag
Caveats
  • Supply blocks, unpowered buildings, or Contaminate may cause inaccurate times.
  • Supply counts are checked every 10 seconds.